 Dungeon Crawl Stone Soup version 0.31-a0-656-gb4d89c20fa (webtiles) character file.

Game seed: 4837590264216424375

2083 LobsterGuardian the Vexing (level 9, 0/102 HPs)
             Began as a Gnoll Hexslinger on Aug 31, 2023.
             Was an Initiate of Gozag.
             Slain by a fire elemental (2 damage)
             ... created by the fiery vengeance of Ignis
             ... on level 8 of the Dungeon.
             The game lasted 00:20:19 (6467 turns).

LobsterGuardian the Vexing (Gnoll Hexslinger)       Turns: 6467, Time: 00:20:20

Health: 0/102      AC: 24    Str: 12    XL:     9   Next: 27%
Magic:  12/16      EV:  2    Int: 12    God:    Gozag
Gold:   210        SH:  0    Dex: 17    Spells: 3/18 levels left

rFire   . . .        w - +1 shortbow
rCold   . . .        (shield currently unavailable)
rNeg    . . .        i - melded +0 leather armour
rPois   +            t - melded +0 helmet
rElec   .            h - melded +0 cloak
rCorr   .            (gloves currently unavailable)
SInv    .            j - melded +0 pair of boots
Will    .....        p - amulet of regeneration
Stlth   +++          o - +5 ring of evasion
HPRegen 1.17/turn    (no ring)
MPRegen 0.15/turn

%: no passive effects
@: mighty, tree-form, invisible, fire susceptible
A: stationary, stasis, torment immunity, boosted hp, (fangs 1), strong nose,
distributed training, strong 1, (cold vulnerability 1)
a: Renounce Religion, Potion Petition, Call Merchant, Bribe Branch


You were on level 8 of the Dungeon.
You worshipped Gozag.
Gozag was aware of your devotion.
You were a tree.
You visited 2 branches of the dungeon, and saw 9 of its levels.

You collected 296 gold pieces.
You paid 86 gold pieces to Gozag.

Inventory:

Hand Weapons
 w - a +1 shortbow (weapon)
Armour
 f - an orb of guile
 h - a +0 cloak (melded)
 i - a +0 leather armour (melded)
 j - a +0 pair of boots (melded)
 t - a +0 helmet (melded)
Jewellery
 o - a +5 ring of evasion (left branch)
 p - an amulet of regeneration (around neck)
 q - an amulet of reflection
 u - an amulet of magic regeneration
Wands
 k - a wand of mindburst (28)
 v - a wand of digging (9)
Scrolls
 b - a scroll of poison
 e - a scroll of torment
 m - a scroll of immolation
Potions
 c - a potion of attraction
 s - a potion of cancellation


   Skills:
 + Level 5.0 Fighting
 + Level 4.1 Short Blades
 + Level 4.1 Long Blades
 + Level 4.1 Axes
 + Level 4.1 Maces & Flails
 + Level 4.1 Polearms
 + Level 4.1 Staves
 + Level 6.2 Ranged Weapons
 + Level 4.1 Throwing
 + Level 4.1 Armour
 + Level 6.2 Dodging
 + Level 4.1 Stealth
 + Level 4.1 Shields
 + Level 4.1 Unarmed Combat
 + Level 5.1 Spellcasting
 + Level 3.4 Conjurations
 + Level 6.5 Hexes
 + Level 3.4 Summonings
 + Level 3.4 Necromancy
 + Level 3.4 Translocations
 + Level 3.4 Transmutations
 + Level 3.4 Fire Magic
 + Level 3.4 Ice Magic
 + Level 3.4 Air Magic
 + Level 3.4 Earth Magic
 + Level 3.4 Poison Magic
 + Level 4.5 Invocations
 + Level 4.1 Evocations
 + Level 3.7 Shapeshifting


You had 3 spell levels left.
You knew the following spells:

 Your Spells              Type           Power      Damage    Failure   Level
a - Slow                  Hex            72%        N/A       1%          1
b - Inner Flame           Hex/Fire       15%        N/A       8%          3
c - Portal Projectile     Hex/Tloc       30%        N/A       8%          3
d - Cause Fear            Hex            9%         N/A       14%         4
e - Fulminant Prism       Conj/Hex       7%         3d7       26%         4

Your spell library contained the following spells:

 Spells                   Type           Power      Damage    Failure   Level
 Magic Dart               Conj           44%        1d5       4%          1
 Searing Ray              Conj           22%        2d5       8%          2


Dungeon Overview and Level Annotations

Branches:
Dungeon (8/15)             Temple (1/1) D:7
   Lair: D:8-11

Altars:
Ashenzari
Cheibriados
Elyvilon
Fedhas
Gozag
Hepliaklqana
Kikubaaqudgha
Makhleb
Nemelex Xobeh
Okawaru
Qazlal
Ru
Trog
Uskayaw
Vehumet
Wu Jian
Xom
Yredelemnul
Zin
The Shining One
Ignis

Shops:
D:1 [   D:6 :   D:7 *[?(

Annotations:
D:3 1 runed translucent door, Artus's ghost, amateur TrSh


Innate Abilities, Weirdness & Mutations

You are a tree.
Your roots penetrate the ground, keeping you stationary.
You cannot be teleported.
You are immune to unholy pain and torment.
Your maximum health is greatly increased.
Your equipment is partially melded.
((You have very sharp teeth.))
Your uncanny sense of smell can sniff out nearby items.
Your experience applies equally to all skills.
Your muscles are strong. (Str +4, Int/Dex -1)
((You are vulnerable to cold. (rC-)))


Message History

Okay, then.
Unknown command.
You shoot an arrow. The arrow misses the fire elemental.
The fire elemental hits you. The fire elemental burns you!
* * * LOW HITPOINT WARNING * * *
The fire elemental completely misses you.
Unknown command.
Unknown command.
Okay, then.
Unknown command.
Aiming: Mindburst
Press: ? - help, Shift-Dir - straight line, f/p - fire elemental
Aim: a fire elemental (moderately damaged, durably summoned, unable to see you, infinite will)
Okay, then.
Unknown command.
Unknown command.
Unknown command.
You are too injured to fight recklessly!
Aiming: Slow (safe; 1% risk of failure)
Press: ? - help, Q - select action, (/) - cycle Shift-Dir - straight line, f - you, p - fire elemental
Okay, then.
Casting: Slow (safe; 1% risk of failure)
Confirm with . or Enter, or press ? or * to list all spells.
You can't see any susceptible monsters within range! (Use Z to cast anyway.)
Casting: Slow (safe; 1% risk of failure)
Confirm with . or Enter, or press ? or * to list all spells.
Casting: Cause Fear (dangerous; 14% risk of failure)
Press: ? - help, Dir - look around, f - activate Look: a fire elemental (moderately damaged, durably summoned, unable to see you, infinite will)
Okay, then.
Unknown command.
Casting: Cause Fear (dangerous; 14% risk of failure)
Confirm with . or Enter, or press ? or * to list all spells.
Aiming: Fulminant Prism (dangerous; 26% risk of failure)
Press: ? - help, Dir - move target, p - fire elemental You conjure a prism of explosive energy!
A fulminant prism comes into view.
The fire elemental hits you. The fire elemental burns you!
You die...
Your body crumbles into a pile of gold.

#######
#.....#
#.....#####
#.....§...#
#....§###.#
#...)§# #.#
###.### #.#
#.#
#E#######
#.#
#♣E.*....
#.#
#########
..# ∆...
..#. .. .
... .. ∆


You could see 2 fire elementals and a friendly fulminant prism.

Vanquished Creatures
  2 steam dragons
  Edmund (D:6)
  A black bear (D:8)
  An ice beast (D:5)
  4 ogres (D:5)
  2 kobold brigands
  2 bullfrogs (D:7)
  A scorpion (D:5)
  A howler monkey (D:6)
  An orc priest (D:5)
  3 sleepcaps
  Crazy Yiuf (D:3)
  2 hounds (D:4)
  A jelly (D:7)
  2 gnoll boudas (D:6)
  4 iguanas
  2 orc wizards
  15 gnolls
  5 adders
  4 white imps
  A worm (D:2)
  4 dart slugs
  11 orcs
  4 bats
  11 endoplasms
  3 giant cockroaches
  5 goblins
  7 hobgoblins
  3 jackals
  A quokka (D:1)
  5 ball pythons
  4 frilled lizards
  16 kobolds
  6 rats
136 creatures vanquished.

Vanquished Creatures (others)
  A kobold brigand (D:7)
  24 foxfires (Temple)
25 creatures vanquished.

Grand Total: 161 creatures vanquished

Notes
Turn   | Place    | Note
-------+----------+-------------------------------------------
     0 | D:1      | LobsterGuardian the Gnoll Hexslinger began the quest for
                  | the Orb.
     0 | D:1      | Reached XP level 1. HP: 17/17 MP: 4/4
   293 | D:1      | Found Nunah's Armour Boutique.
   312 | D:1      | Reached XP level 2. HP: 23/23 MP: 3/5
   908 | D:2      | Found a faded altar of an unknown god.
   918 | D:2      | Prayed at the altar of an unknown god.
   918 | D:2      | Became a worshipper of Ignis, the Dying Flame
   947 | D:2      | Reached XP level 3. HP: 15/28 MP: 7/7
  1018 | D:2      | Reached skill level 1 in Invocations
  1185 | D:2      | Reached skill level 1 in Short Blades
  1185 | D:2      | Reached skill level 1 in Long Blades
  1185 | D:2      | Reached skill level 1 in Axes
  1185 | D:2      | Reached skill level 1 in Maces & Flails
  1185 | D:2      | Reached skill level 1 in Polearms
  1185 | D:2      | Reached skill level 1 in Staves
  1185 | D:2      | Reached skill level 1 in Throwing
  1185 | D:2      | Reached skill level 1 in Armour
  1185 | D:2      | Reached skill level 1 in Stealth
  1185 | D:2      | Reached skill level 1 in Shields
  1185 | D:2      | Reached skill level 1 in Unarmed Combat
  1185 | D:2      | Reached skill level 1 in Evocations
  1262 | D:2      | Reached XP level 4. HP: 30/34 MP: 5/8
  1279 | D:2      | Reached skill level 1 in Shapeshifting
  1427 | D:2      | Reached skill level 1 in Conjurations
  1427 | D:2      | Reached skill level 1 in Summonings
  1427 | D:2      | Reached skill level 1 in Necromancy
  1427 | D:2      | Reached skill level 1 in Translocations
  1427 | D:2      | Reached skill level 1 in Transmutations
  1427 | D:2      | Reached skill level 1 in Fire Magic
  1427 | D:2      | Reached skill level 1 in Ice Magic
  1427 | D:2      | Reached skill level 1 in Air Magic
  1427 | D:2      | Reached skill level 1 in Earth Magic
  1427 | D:2      | Reached skill level 1 in Poison Magic
  1431 | D:2      | Learned a level 3 spell: Inner Flame
  2221 | D:3      | Found a runed translucent door.
  2225 | D:3      | Noticed Artus's ghost (amateur TrSh)
  2368 | D:3      | Identified the +6 short sword "Tattletale" {drain, *Corrode
                  | rF++ Will+ Stlth+}
  2488 | D:3      | Found a runed translucent door.
  2489 | D:3      | Noticed Crazy Yiuf
  2627 | D:3      | Reached XP level 5. HP: 40/40 MP: 9/9
  2836 | D:3      | Killed Crazy Yiuf
  2880 | D:3      | Gained mutation: You are vulnerable to cold. (rC-) [potion
                  | of mutation]
  2880 | D:3      | Gained mutation: Your muscles are strong. (Str +4, Int/Dex
                  | -1) [potion of mutation]
  2885 | D:3      | Learned a level 3 spell: Portal Projectile
  3170 | D:4      | Reached XP level 6. HP: 47/47 MP: 9/11
  3484 | D:5      | Entered Level 5 of the Dungeon
  3515 | D:5      | Reached skill level 5 in Ranged Weapons
  3515 | D:5      | Reached skill level 5 in Dodging
  3733 | D:5      | Reached XP level 7. HP: 52/52 MP: 7/12
  3969 | D:5      | Noticed a steam dragon
  3982 | D:5      | Killed a steam dragon
  4191 | D:5      | Reached XP level 8. HP: 60/60 MP: 8/14
  4836 | D:6      | Found a sparkling altar of Nemelex Xobeh.
  4836 | D:6      | Found a snail-covered altar of Cheibriados.
  4974 | D:6      | Noticed Edmund
  5025 | D:6      | Killed Edmund
  5423 | D:6      | Found an ornate altar of the Wu Jian Council.
  5493 | D:6      | Found Lioliatt's Book Shop.
  5537 | D:6      | Learned a level 4 spell: Cause Fear
  5542 | D:6      | Learned a level 4 spell: Fulminant Prism
  5617 | D:7      | Found an ancient bone altar of Kikubaaqudgha.
  5646 | D:7      | Reached XP level 9. HP: 60/66 MP: 16/16
  5668 | D:7      | Found Daziruax's Antique Armour Boutique.
  5775 | D:7      | Found Izoyroel's General Store.
  5822 | D:7      | Found a staircase to the Ecumenical Temple.
  5840 | D:7      | Reached skill level 5 in Spellcasting
  6032 | D:7      | Found Xebibih's Weapon Shop.
  6070 | Temple   | Entered the Ecumenical Temple
  6091 | Temple   | Fell from the grace of Ignis
  6091 | Temple   | Became a worshipper of Gozag Ym Sagoz the Greedy
  6151 | D:7      | Found Leazxah's Magic Scroll Boutique.
  6442 | D:8      | Reached skill level 5 in Fighting
  6463 | D:8      | HP: 2/68 [fire elemental[the fiery vengeance of Ignis] (8)]
  6467 | D:8      | Slain by a fire elemental

Illustrated notes

Levels and vault maps discovered:
D:1:      mrwooster_arrival_statue_2, layout_loops_corners, serial_shops, shop,
          minmay_tetromino_o4
D:2:      layout_basic, nicolae_ecumenical_pavilion
D:3:      layout_basic, gammafunk_ghost_grave, hex_intersection,
          kennysheep_generic_room_12, uniq_crazy_yiuf_cottage
D:4:      minmay_wonky_spiral, layout_rooms
D:5:      layout_loops_cross
D:6:      layout_rooms, chequers_temple_overflow_statue_of_worship,
          nicolae_wu_jian_immortal_techniques, serial_shops, shop, hex_tiny,
          abandoned_shop, uniq_edmund
D:7:      layout_basic, old_standard_altar, temple_green, serial_shops, shop,
          shop, shop, shop_statue
D:8:      layout_loops_ring, enter_bailey_7
Temple:   nicolae_temple_slightly_damp_pantheon

Skill      XL: |  1  2  3  4  5  6  7  8  9 |
---------------+----------------------------+-----
Invocations    | 1 2 3 4 |  4.5
Short Blades   | 1 2 3 4 |  4.1
Long Blades    | 1 2 3 4 |  4.1
Axes           | 1 2 3 4 |  4.1
Maces & Flails | 1 2 3 4 |  4.1
Polearms       | 1 2 3 4 |  4.1
Staves         | 1 2 3 4 |  4.1
Throwing       | 1 2 3 4 |  4.1
Armour         | 1 2 3 4 |  4.1
Stealth        | 1 2 3 4 |  4.1
Shields        | 1 2 3 4 |  4.1
Unarmed Combat | 1 2 3 4 |  4.1
Evocations     | 1 2 3 4 |  4.1
Spellcasting   | 3 4 5 |  5.1
Shapeshifting  | 1 2 3 |  3.7
Conjurations   | 1 2 3 |  3.4
Summonings     | 1 2 3 |  3.4
Necromancy     | 1 2 3 |  3.4
Translocations | 1 2 3 |  3.4
Transmutations | 1 2 3 |  3.4
Fire Magic     | 1 2 3 |  3.4
Ice Magic      | 1 2 3 |  3.4
Air Magic      | 1 2 3 |  3.4
Earth Magic    | 1 2 3 |  3.4
Poison Magic   | 1 2 3 |  3.4
Fighting       | 3 4 5 |  5.0
Ranged Weapons | 5 6 |  6.2
Dodging        | 5 6 |  6.2
Hexes          | 6 |  6.5

Action                     |  1- 3 |  4- 6 |  7- 9 || total
---------------------------+-------+-------+-------++-------
   Fire: Sling             |   102 |   182 |   222 ||   506
         Shortbow          |       |       |    34 ||    34
   Cast: Slow              |    14 |    34 |    37 ||    85
         Inner Flame       |       |     6 |    22 ||    28
         Portal Projectile |       |       |     1 ||     1
         Cause Fear        |       |       |     1 ||     1
         Fulminant Prism   |       |       |     1 ||     1
 Invoke: Fiery Armour      |       |     1 |     5 ||     6
         Foxfire Swarm     |       |       |     1 ||     1
    Use: Scroll            |     2 |     4 |     6 ||    12
         Potion            |       |     2 |     6 ||     8
 Armour: Robe              |    12 |     1 |       ||    13
         Leather armour    |       |    20 |    56 ||    76
         Skin              |       |       |     5 ||     5
  Dodge: Dodged            |    35 |   114 |   188 ||   337

Table legend: (Time is in decaauts)
 A = Elapsed time spent in this place.
 B = Non-inter-level travel time spent in this place.
 C = Inter-level travel time spent in this place.
 D = Time resting spent in this place.
 E = Time spent auto-exploring this place.
 F = Levels seen in this place.
 G = Mean time per level.
                   A        B        C        D        E       F      G
               +--------+--------+--------+--------+--------+-----+--------+
         Total |   6541 |   6203 |    338 |      0 |   4898 |   9 |  726.8 |
       Dungeon |   6499 |   6198 |    301 |      0 |   4898 |   8 |  812.4 |
        Temple |     42 |      5 |     37 |      0 |      0 |   1 |   42.0 |
               +--------+--------+--------+--------+--------+-----+--------+

Top non-repeatable levels by time:
     D:5: 1376 daAuts
     D:2: 1211 daAuts
     D:1: 920 daAuts
     D:3: 887 daAuts
     D:7: 814 daAuts
     D:6: 723 daAuts
     D:4: 513 daAuts
     D:8: 51 daAuts
  Temple: 42 daAuts
